 Dungeon Crawl Stone Soup version 0.30.1-11-g7821555f0a (webtiles) character file.

Game seed: 15525683981030801965

4230 lonewolfV2 the Fighter (level 10, -2/94 HPs)
             Began as a Minotaur Fighter on Nov 14, 2023.
             Was a High Priest of Cheibriados.
             Killed from afar by an electric eel (12 damage)
             ... with a bolt of electricity
             ... on level 9 of the Dungeon.
             The game lasted 00:15:21 (7906 turns).

lonewolfV2 the Fighter (Minotaur Fighter)           Turns: 7906, Time: 00:15:22

Health: -2/94      AC: 14    Str: 39    XL:     10   Next: 9%
Magic:  16/16      EV: 13    Int: 16    God:    Cheibriados [*****.]
Gold:   497        SH:  7    Dex: 23    Spells: 9/9 levels left

rFire   . . .        a - +2 war axe
rCold   + . .        c - +1 buckler
rNeg    . . .        t - +2 plate armour of Relativism {Will- Str+5}
rPois   .            (helmet restricted)
rElec   .            (no cloak)
rCorr   .            (no gloves)
SInv    +            q - +0 pair of boots
Will    .....        (no amulet) Stlth
                     m - ring of protection from cold
HPRegen 0.35/turn    s - ring of see invisible
MPRegen 0.15/turn

%: no passive effects
@: very slow
A: horns 2, retaliatory headbutt
a: Renounce Religion, Bend Time, Temporal Distortion, Slouch, Step From Time


You were on level 9 of the Dungeon.
You worshipped Cheibriados.
Cheibriados was extremely pleased with you.
You visited 1 branch of the dungeon, and saw 9 of its levels.

You collected 497 gold pieces.

Inventory:

Hand Weapons
 a - a +2 war axe (weapon)
Missiles
 f - 3 javelins (quivered)
Armour
 c - a +1 buckler (worn)
 q - a +0 pair of boots (worn)
 r - a +0 plate armour
 t - the +2 plate armour of Relativism (worn) {Will- Str+5}
   (You found it on level 5 of the Dungeon)

   Str:       It affects your strength (+5).
   Will:      It decreases your willpower.
Jewellery
 h - an amulet of magic regeneration
 m - a ring of protection from cold (left hand)
 s - a ring of see invisible (right hand)
 u - a ring of wizardry
Wands
 B - a wand of iceblast (9)
 D - a wand of paralysis (8)
Scrolls
 g - 2 scrolls of enchant armour
 k - 2 scrolls of blinking
 o - a scroll of butterflies
 p - 3 scrolls of fear
 x - 4 scrolls of teleportation
 C - a scroll of magic mapping
Potions
 b - a potion of berserk rage
 d - a potion of might
 e - 3 potions of cancellation
 i - 3 potions of mutation
 j - 4 potions of curing
 l - 3 potions of lignification
 n - 2 potions of attraction
 v - 2 potions of flight
 w - a potion of brilliance
 z - a potion of heal wounds
 A - a potion of haste
 E - a potion of invisibility


   Skills:
 - Level 10.4 Fighting
 - Level 2.4 Axes
 - Level 3.6 Armour
 * Level 7.6 Dodging
 - Level 3.6 Shields
 * Level 9.9 Invocations


You had 9 spell levels left.
You didn't know any spells.
Your spell library contained the following spells:

 Spells                   Type           Power      Damage    Failure   Level
 Apportation              Tloc           0%         N/A       87%         1
 Sublimation of Blood     Necr           0%         N/A       95%         2
 Gell's Gravitas          Tloc           0%         N/A       99%         3
 Ozocubu's Armour         Ice            0%         N/A       99%         3
 Teleport Other           Tloc           0%         N/A       99%         3
 Animate Dead             Necr           0%         N/A       100%        4
 Petrify                  Tmut/Erth      0%         N/A       100%        4
 Alistair's Intoxication  Tmut/Pois      0%         N/A       100%        5
 Borgnjor's Vile Clutch   Necr/Erth      0%         N/A       100%        5
 Irradiate                Conj/Tmut      0%         3d11      100%        5
 Death Channel            Necr           0%         N/A       100%        6
 Dispersal                Tloc           0%         N/A       100%        6
 Simulacrum               Ice/Necr       0%         N/A       100%        6


Dungeon Overview and Level Annotations

Branches:
Dungeon (9/15)             Temple (0/1) D:7            Lair (0/5) D:8
    Orc: D:9-12

Altars:
Ashenzari
Cheibriados
Hepliaklqana
Okawaru
Wu Jian

Shops:
D:5 [   D:7 ?   D:8 :


Innate Abilities, Weirdness & Mutations

You have a pair of horns on your head.
You reflexively headbutt those who attack you in melee.


Message History

Maggie attempts to bespell you!
You are mesmerised by Maggie!
Your unstable footing causes you to fumble your attack.
Maggie smiles, but it's obviously fake.
Maggie casts a spell.
Maggie draws you further into her thrall.
Your unstable footing causes you to fumble your attack.
Maggie gestures at you while chanting. The bolt of fire hits you!!
You slice Maggie!!
Maggie is almost dead.
You are engulfed in a cloud of scalding steam.
* * * LOW HITPOINT WARNING * * *
Maggie gestures wildly while chanting.
Maggie draws you further into her thrall.
You slash Maggie!
You are no longer entranced.
You kill Maggie!
Cheibriados appreciates the change of pace.
You hear a splash. x2
You are engulfed in a cloud of scalding steam.
The electric eel shoots out a bolt of lightning at you!
The bolt of electricity hits you.
* * * LOW HITPOINT WARNING * * *
The electric eel shoots out a bolt of lightning at you!
The bolt of electricity hits you!
* * * LOW HITPOINT WARNING * * *
The electric eel shoots out a bolt of lightning at you!
The bolt of electricity hits you.
* * * LOW HITPOINT WARNING * * *
The electric eel shoots out a bolt of lightning at you!
The bolt of electricity misses you.
You enter the shallow water.
Moving in this stuff is going to be slow.
The electric eel shoots out a bolt of lightning at you!
The bolt of electricity hits you.
* * * LOW HITPOINT WARNING * * *
The electric eel shoots out a bolt of lightning at you!
The bolt of electricity hits you!
You die...

..~PP~~P♣~♣~~~P~~~.
.~~~~~~~~P~~~~~~~~.
♣~~~~~~ ~P~SS~~~~~.
........ ..........
.~~~~~~~ ~~~~~~~~.
.~~~~~~P ♣♣♣)≈~~♣ .
..PP~~~~♣♣~~~♣♣♣ ...
...♣~♣♣♣.....~~♣.....
.............@.......
.#................##
.#..................
#.................##.
+..............[..#
#..........)).....#
....P......).......
...♣~~..)...........
..P~♣~.............


You could see an electric eel.

Vanquished Creatures
  Maurice (D:9)
  Maggie (D:9)
  A troll (D:9)
  Prince Ribbit (D:6)
  A steam dragon (D:8)
  Menkaure (D:6)
  An acid dragon (D:8)
  An ice beast (D:5)
  2 sky beasts
  A hornet zombie (D:6)
  A black bear (D:5)
  5 centaurs
  A phantom (D:6)
  2 kobold brigands (D:7)
  3 bullfrogs
  2 water moccasin zombies (D:6)
  A wyvern zombie (D:6)
  3 scorpions
  A killer bee (D:8)
  A howler monkey (D:5)
  An electric eel (D:9)
  2 bullfrog zombies (D:6)
  A centaur zombie (D:6)
  4 hounds
  7 orc priests
  A bullfrog skeleton (D:6)
  4 jellies
  Crazy Yiuf (D:6)
  2 sleepcaps (D:6)
  3 iguanas
  7 orc wizards
  A killer bee zombie (D:6)
  A howler monkey zombie (D:6)
  A howler monkey skeleton (D:6)
  7 adders
  3 white imps
  2 ufetubi
  3 dart slugs
  32 orcs
  8 endoplasms
  6 giant cockroaches
  A goblin (D:4)
  8 hobgoblins
  5 quokkas
  10 ball pythons
  6 bats
  2 frilled lizards
  13 kobolds
  5 rats
  A spectral orc (D:8)
179 creatures vanquished.

Notes
Turn   | Place    | Note
-------+----------+-------------------------------------------
     0 | D:1      | lonewolfV2 the Minotaur Fighter began the quest for the
                  | Orb.
     0 | D:1      | Reached XP level 1. HP: 19/19 MP: 0/0
    44 | D:1      | Reached skill level 4 in Fighting
    75 | D:1      | Got Coph's Atlas of Icy Putrescence
   101 | D:1      | Reached XP level 2. HP: 27/28 MP: 1/1
   557 | D:2      | Reached skill level 5 in Fighting
   584 | D:2      | Reached XP level 3. HP: 36/36 MP: 2/2
  1296 | D:3      | Found a faded altar of an unknown god.
  1323 | D:3      | Prayed at the altar of an unknown god.
  1323 | D:3      | Became a worshipper of Cheibriados the Contemplative
  1323 | D:3      | Reached * piety under Cheibriados
  1420 | D:3      | Found an ornate altar of the Wu Jian Council.
  1438 | D:3      | You fall into a shaft and drop 1 floor!
  1484 | D:4      | Reached skill level 6 in Fighting
  1484 | D:4      | Reached XP level 4. HP: 9/44 MP: 3/3
  1949 | D:3      | Reached ** piety under Cheibriados
  2344 | D:4      | Reached skill level 1 in Invocations
  2445 | D:4      | Reached XP level 5. HP: 50/51 MP: 3/5
  2521 | D:4      | Found an iron altar of Okawaru.
  2815 | D:4      | Found a broken altar of Ashenzari.
  3261 | D:5      | Entered Level 5 of the Dungeon
  3470 | D:5      | Identified the +2 plate armour of Relativism {Will- Str+5}
  3493 | D:5      | Reached skill level 7 in Fighting
  3501 | D:5      | Found Subb's Antique Armour Shop.
  3536 | D:5      | Reached XP level 6. HP: 60/60 MP: 5/7
  3597 | D:5      | HP: 3/61 [orc priest/divine providence (9)]
  3822 | D:5      | Reached skill level 8 in Fighting
  3854 | D:5      | Reached *** piety under Cheibriados
  3855 | D:5      | Reached XP level 7. HP: 68/68 MP: 9/9
  4250 | D:6      | Reached skill level 5 in Invocations
  4310 | D:6      | Reached skill level 9 in Fighting
  4389 | D:6      | Reached XP level 8. HP: 70/78 MP: 11/11
  4480 | D:6      | Noticed Prince Ribbit
  4489 | D:6      | Killed Prince Ribbit
  4679 | D:6      | Noticed Menkaure
  4685 | D:6      | Reached skill level 10 in Fighting
  4689 | D:6      | Killed Menkaure
  4847 | D:6      | Reached skill level 1 in Dodging
  4870 | D:6      | Reached **** piety under Cheibriados
  5210 | D:6      | Found a runed translucent door.
  5211 | D:6      | Noticed Crazy Yiuf
  5240 | D:6      | Reached XP level 9. HP: 84/86 MP: 13/13
  5383 | D:6      | Killed Crazy Yiuf
  5516 | D:7      | Found Ala Ziro's Magic Scroll Boutique.
  5555 | D:7      | Found a staircase to the Ecumenical Temple.
  6183 | D:7      | Reached skill level 5 in Dodging
  6637 | D:8      | Found Ceshrogu's Book Shop.
  6928 | D:8      | Found a hazy altar of Hepliaklqana.
  6944 | D:8      | Found a staircase to the Lair.
  7265 | D:8      | Reached ***** piety under Cheibriados
  7379 | D:9      | Noticed Maurice
  7534 | D:9      | Noticed a troll
  7542 | D:9      | Killed a troll
  7544 | D:9      | Killed Maurice
  7679 | D:9      | Reached XP level 10. HP: 65/94 MP: 16/16
  7891 | D:9      | Noticed Maggie
  7903 | D:9      | Killed Maggie
  7906 | D:9      | Killed from afar by an electric eel

Illustrated notes

Levels and vault maps discovered:
D:1:      dpeg_arrival_more_subterranean_lakeside_camping, layout_rooms
D:2:      layout_loops_ring, nicolae_figureground_pulse
D:3:      layout_loops_ring, nicolae_overflow_crystal_walls,
          shapermc_ecumenical_altar_starsandcircs
D:4:      layout_cave_pools, kennysheep_okawaru_gauntlet,
          cheibrodos_ashenzari_chains, serial_co_window_serial,
          co_window_paths_a, co_window_paths_b, co_window_paths_a,
          co_window_of_opportunity_a, co_window_paths_b, co_window_cross_4,
          co_window_corner_b, co_window_broadway_c, co_window_paths_c,
          co_window_corner_b, co_window_2corner, co_window_4corner_a,
          glass_columns_a, glass_columns_a, glass_columns_a, glass_columns_a
D:5:      layout_loops_cross, serial_shops, shop, gup_sewer_entry_pipe
D:6:      layout_loops_ring, serial_undead, serial_undead_f, serial_undead_f,
          serial_undead_d, serial_undead_d, serial_undead_b, serial_undead_b,
          serial_undead_b, minmay_stone_trees_medium, uniq_prince_ribbit1,
          uniq_crazy_yiuf_cottage, uniq_menkaure
D:7:      minmay_angry_zag, layout_cave_pods, minmay_temple_entry_overgrown,
          serial_shops, nicolae_shop_window_shopping
D:8:      layout_cave_pods, nicolae_hepliaklqana_monster_ancestors,
          lair_entry_dummy, serial_shops, kennysheep_little_box,
          hangedman_minor_gate_pass
D:9:      layout_basic, overflow_temple_1_default, serial_bayou,
          serial_bayou_crossing, serial_bayou_pond_d, serial_bayou_lagoon_a,
          serial_bayou_lagoon_b, serial_bayou_pond_c, uniq_maggie, uniq_maurice,
          uniq_psyche

Skill      XL: |  1  2  3  4  5  6  7  8  9 |
---------------+----------------------------+-----
Fighting       | 4 5 6 7 8 9 10 | 10.4
Invocations    | 1 2 4 5 7 9 |  9.9
Dodging        | 3 7 |  7.6
Axes           | |  2.4
Armour         | |  3.6
Shields        | |  3.6

Action                     |  1- 3 |  4- 6 |  7- 9 | 10-12 || total
---------------------------+-------+-------+-------+-------++-------
  Melee: War axe           |    93 |    80 |   197 |    11 ||   381
         Headbutt          |    15 |    15 |    41 |     1 ||    72
 Invoke: Bend Time         |       |       |     5 |     1 ||     6
         Temporal Distorti |       |       |     2 |       ||     2
  Evoke: Wand              |       |       |     2 |     2 ||     4
    Use: Scroll            |     6 |    10 |     7 |       ||    23
         Potion            |       |     2 |       |       ||     2
 Armour: Scale mail        |    72 |     3 |       |       ||    75
         Plate armour      |       |   106 |   181 |     3 ||   290
  Dodge: Dodged            |    63 |    58 |   147 |     4 ||   272
  Block: Buckler           |    30 |    52 |   122 |     1 ||   205
